 Dungeon Crawl Stone Soup version 0.29.1-12-g30fa7ad0bf (webtiles) character file.

Game seed: 10779661502682057762

160470 FexLirch the Lord of Darkness (level 17, -6/139 HPs)
             Began as a Mummy Necromancer on Jan 5, 2023.
             Was the Champion of Kikubaaqudgha.
             Killed from afar by a shock serpent (28 damage)
             ... with a bolt of electricity
             ... on level 4 of the Snake Pit.
             The game lasted 02:30:05 (25775 turns).

FexLirch the Lord of Darkness (Mummy Necromancer)  Turns: 25775, Time: 02:30:06

Health: -6/139     AC: 17    Str: 21    XL:     17   Next: 18%
Magic:  25/44      EV: 15    Int: 25    God:    Kikubaaqudgha [******]
Gold:   556        SH:  8    Dex: 14    Spells: 2/45 levels left

rFire   + . .      SeeInvis .   E - +7 broad axe "Exiyfeka" {freeze, rN+ Str+3 Int+5}
rCold   + . .      Faith    .   Y - +3 buckler
rNeg    + + +      Spirit   .   x - +1 scale mail of Xaitet {rF++ Will-}
rPois   ∞          Reflect  .   I - +1 helmet
rElec   .          Harm     .   S - +0 cloak
rCorr   .          Rampage  .   w - +0 pair of gloves
Will    +....                   l - +2 pair of boots {Fly}
Stlth   ..........              J - amulet of the acrobat
HPRegen 0.33/turn               g - +6 ring of strength
MPRegen 0.29/turn               a - ring of magical power

@: flying, slowed, very slow
A: cold resistance 1, negative energy resistance 3, torment resistance 2, heat
vulnerability 1, in touch with death 2, no potions
a: Renounce Religion, Unearth Wretches, Torment, Brand Weapon With Pain, Receive
Forbidden Knowledge


You were on level 4 of the Snake Pit.
You worshipped Kikubaaqudgha.
Kikubaaqudgha was exalted by your worship.
You visited 6 branches of the dungeon, and saw 28 of its levels.
You visited 1 bazaar.
You also visited: Gauntlet and Volcano.

You collected 2386 gold pieces.
You spent 1830 gold pieces at shops.

Inventory:

Hand Weapons
 b - the +7 staff of the Meek {protect, meekguard}
   (You found it on level 3 of the Dungeon)

   It grants its wielder temporary protection when it strikes (+7 to AC).
   It provides extra protection to wielders with little health.
 d - a +0 whip
 E - the +7 broad axe "Exiyfeka" (weapon) {freeze, rN+ Str+3 Int+5}
   (You took it off a minotaur in a Gauntlet)

   It freezes those it strikes, dealing additional cold damage.
   It can also slow down cold-blooded creatures.
   Str:       It affects your strength (+3).
   Int:       It affects your intelligence (+5).
   rN:        It protects you from negative energy.
 L - a +4 scimitar of flaming
 X - a +2 lajatang of flaming
Missiles
 F - 5 silver javelins
Armour
 f - the +0 scale mail of Verdant Liberty {*Corrode rF+ Regen+}
   (You found it on level 11 of the Dungeon)

   rF:        It protects you from fire.
   Regen:     It increases your rate of health regeneration.
   *Corrode:  It may corrode you when you take damage.
 l - a +2 pair of boots of flying (worn)
 w - a +0 pair of gloves (worn)
 x - the +1 scale mail of Xaitet (worn) {rF++ Will-}
   (You found it on level 5 of the Lair of Beasts)

   rF:        It greatly protects you from fire.
   Will:      It decreases your willpower.
 A - a +0 troll leather armour
 I - a +1 helmet (worn)
 O - a +2 leather armour of willpower
 S - a +0 cloak (worn)
 W - a +3 ring mail of fire resistance
 Y - a +3 buckler (worn)
Magical Staves
 q - a staff of poison
Jewellery
 a - a ring of magical power (right hand)
 g - a +6 ring of strength (left hand)
 j - a +4 ring of evasion
 p - a +4 ring of protection
 D - the ring "Reorutz" {SInv Stlth+}
   (You found it in a Gauntlet)

   [ring of see invisible]

   SInv:      It lets you see invisible.
   Stlth:     It makes you more stealthy.
 H - a ring of resist corrosion
 J - an amulet of the acrobat (around neck)
 K - a ring of ice
 M - a ring of ice
 U - a ring of willpower
 V - a ring of protection from cold
Wands
 r - a wand of polymorph (11)
 s - a wand of paralysis (21)
 u - a wand of acid (22)
 B - a wand of roots (29)
 N - a wand of flame (16)
Scrolls
 c - 7 scrolls of fog
 e - 3 scrolls of enchant armour
 h - 2 scrolls of brand weapon
 i - 3 scrolls of immolation
 k - a scroll of torment
 m - 3 scrolls of summoning
 n - 2 scrolls of blinking
 o - 5 scrolls of enchant weapon
 t - 12 scrolls of teleportation
 v - a scroll of acquirement
 y - 11 scrolls of magic mapping
 C - 7 scrolls of vulnerability
 G - 6 scrolls of poison
 P - 5 scrolls of identify
 Q - 2 scrolls of silence
 R - 3 scrolls of fear
 Z - 2 scrolls of noise
Miscellaneous
 z - a phial of floods


   Skills:
 + Level 14.1 Fighting
 + Level 7.8 Axes
 - Level 7.3 Staves
 + Level 6.7 Armour
 - Level 12.4 Dodging
 - Level 1.5 Stealth
 + Level 4.3 Shields
 + Level 14.7 Spellcasting
 - Level 3.0 Hexes
 + Level 14.7 Necromancy
 + Level 6.4 Translocations
 - Level 5.5 Earth Magic


You had 2 spell levels left.
You knew the following spells:

 Your Spells              Type           Power      Damage    Failure   Level
a - Necrotise             Necr           100%       1d9       1%          1
b - Vampiric Draining     Necr           100%       2d13      1%          3
c - Animate Dead          Necr           100%       N/A       1%          4
d - Agony                 Necr           100%       N/A       1%          5
e - Anguish               Hex/Necr       48%        N/A       2%          4
f - Dispel Undead         Necr           100%       3d31      1%          4
g - Death Channel         Necr           59%        N/A       3%          6
h - Borgnjor's Vile Clut  Necr/Erth      51%        N/A       4%          5
i - Blink                 Tloc           100%       N/A       1%          2
j - Manifold Assault      Tloc           50%        N/A       19%         5
k - Passage of Golubria   Tloc           50%        N/A       7%          4

Your spell library contained the following spells:

 Spells                   Type           Power      Damage    Failure   Level
 Slow                     Hex            100%       N/A       2%          1
 Foxfire                  Conj/Fire      72%        2x1d7     10%         1
 Summon Small Mammal      Summ           72%        N/A       10%         1
 Portal Projectile        Hex/Tloc       82%        N/A       4%          3
 Confusing Touch          Hex            33%        N/A       9%          3
 Tukima's Dance           Hex            33%        N/A       9%          3
 Corpse Rot               Necr/Pois/Air  77%        N/A       13%         4
 Inner Flame              Hex/Fire       25%        N/A       16%         3
 Summon Guardian Golem    Hex/Summ       25%        N/A       16%         3
 Leda's Liquefaction      Hex/Erth       19%        N/A       17%         4
 Call Canine Familiar     Summ           18%        N/A       28%         3
 Conjure Flame            Conj/Fire      18%        6-21      28%         3
 Petrify                  Tmut/Erth      32%        N/A       30%         4
 Simulacrum               Ice/Necr       45%        N/A       58%         6
 Airstrike                Air            9%         2d(2-18)  67%         4
 Flame Wave               Conj/Fire      18%        2d7       67%         4
 Summon Lightning Spire   Summ/Air       18%        N/A       67%         4
 Yara's Violent Unravell  Hex/Tmut       12%        3d7       82%         5
 Irradiate                Conj/Tmut      9%         3d14      95%         5
 Lightning Bolt           Conj/Air       9%         1d21      95%         5
 Enfeeble                 Hex            16%        N/A       100%        7
 Sublimation of Blood     Necr           Unusable   N/A       N/A         2
 Storm Form               Tmut/Air       Unusable   N/A       N/A         7

Dungeon Overview and Level Annotations

Branches:
Dungeon (15/15)            Temple (1/1) D:7            Lair (5/5) D:11
 Shoals (1/4) Lair:3        Snake (4/4) Lair:2        Slime (0/5) Lair:4
    Orc (2/2) D:12            Elf (0/3) Orc:2        Vaults (0/5) D:13
 Depths (0/4) D:15        Volcano (visited)         Gauntlet (visited)

Altars:
Ashenzari
Cheibriados
Dithmenos
Fedhas
Gozag
Hepliaklqana
Kikubaaqudgha
Makhleb
Nemelex Xobeh
Okawaru
Qazlal
Ru
Sif Muna
Trog
Uskayaw
Vehumet
Wu Jian
Xom
Yredelemnul
Jiyva
Lugonu

Shops:
D:7 [   D:10 *(   D:12 !   Orc:2 =![?   Snake:2 ?   Snake:4 [

Portals:
Abyss: Lair:5

Annotations:
D:2 exclusion: downstairs
D:13 3 runed translucent doors, Rudyous's ghost, journeyman MiFi


Innate Abilities, Weirdness & Mutations

You are immune to poison.
Your flesh is cold resistant. (rC+)
You are immune to negative energy. (rN+++)
You are immune to unholy pain and torment.
You are vulnerable to heat. (rF-)
You are strongly in touch with the powers of death.
You do not drink.


Message History

You blink.
The black mamba closely misses you. The black mamba bites you.
The naga warrior hits you with a +2 dire flail of protection!
The naga warrior grabs you. The naga warrior constricts you.
The naga hits you with a +0 long sword.
* * * LOW HITPOINT WARNING * * *
Your salamander tyrant zombie hits the naga warrior but does no damage.
Your salamander zombie barely misses the naga warrior.
Your salamander mystic zombie hits the naga warrior.
The naga warrior spits poison at you.
The splash of poison hits you but does no damage.
You resist. The naga warrior constricts you.
* * * LOW HITPOINT WARNING * * *
Casting: Blink (safe; 1% risk of failure)
Confirm with . or Enter, or press ? or * to list all spells.
You escape the naga warrior's grasp.
You blink.
Your salamander tyrant zombie hits the naga warrior but does no damage.
The black mamba bites your salamander mystic zombie!!
Your salamander zombie misses the naga warrior.
Your salamander mystic zombie closely misses the naga warrior.
Your salamander tyrant zombie hits the naga warrior but does no damage.
The black mamba bites your salamander mystic zombie!
Casting: Blink (safe; 1% risk of failure)
Confirm with . or Enter, or press ? or * to list all spells.
Aiming: Borgnjor's Vile Clutch (dangerous; 4% risk of failure)
Press: ? - help, Shift-Dir - straight line, f/p - guardian serpent
Aim: a guardian serpent (lightly wounded, 100% to hit)
You feel a strong surge of power!
Zombie hands grab the shock serpent.
Zombie hands grab the guardian serpent.
The zombie hands constrict the shock serpent!
The zombie hands constrict the guardian serpent.
The shock serpent struggles to escape constriction.
The black mamba bites your salamander mystic zombie!
Your salamander zombie barely misses the naga warrior.
The guardian serpent struggles to escape constriction.
The shock serpent shoots out a bolt of lightning at you!
The bolt of electricity hits you!
* * * LOW HITPOINT WARNING * * *
The bolt of electricity hits you!!
You die...
Kikubaaqudgha rasps: "You have failed me!
Welcome... oblivion!"

.........Z.Z#...........
............##..........
.............#.........#
............##.######...
..####......#..#.#..##.#
. ###....)..Z.Z...'..
##....#.Z#...Z.#Z.
##.....#.##.....#Z.
##.@....#.#.....##..
#........####<....#..
##........#.#######.#
####.....#....Z.ZZ##
##S.NZ#'########
+SZ.ZZ........
#S.###########
#####SN### ......NN.#


You could see a naga warrior (catching breath, ally target), a shock serpent
(clutched), a guardian serpent (clutched), 2 black mambas, a naga mage, 2
friendly salamander zombies, a friendly salamander mystic zombie and a friendly
salamander tyrant zombie.

Vanquished Creatures
  2 nagarajas
  An orc warlord (Orc:2)
  The ghost of Xeneth the Fighter, a journeyman MiFi of Cheibriados (Orc:2)
  5 boulder beetles
  Fannar (D:11)
  Erolcha (D:11)
  2 hydras
  5 anacondas
  5 two-headed ogres
  4 naga warriors
  Erica (Lair:1)
  4 centaur warriors
  2 death yaks (Lair:5)
  Urug (Lair:4)
  A shock serpent (shapeshifter) (Lair:5)
  A naga sharpshooter (Snake:3)
  A hell hog (Volcano)
  3 orc high priests (Orc:2)
  2 shock serpents (Snake:1)
  A salamander mystic (Snake:4)
  2 thrashing horrors (Lair:5)
  A wretched star (Gauntlet)
  A goliath frog (Gauntlet)
  3 naga ritualists
  10 skeletal warriors
  2 orc knights (Orc:2)
  A necromancer (Lair:3)
  A mana viper (Snake:2)
  A deep elf pyromancer (D:14)
  7 salamanders
  2 oklob plants
  2 ugly things (D:14)
  A deep elf zephyrmancer (Gauntlet)
  An orc sorcerer (Orc:1)
  2 manticores
  3 cyclopes
  5 elephants (Lair:5)
  20 black mambas
  3 guardian serpents
  A gargoyle (D:12)
  11 naga magi
  5 cane toads
  An ice statue (Gauntlet)
  2 rime drakes (Gauntlet)
  3 komodo dragons
  2 kobold demonologists (D:12)
  Psyche (D:12)
  2 polar bears
  An ancient zyme (Lair:5)
  A troll (D:13)
  A queen bee (Lair:4)
  4 meliai
  A dream sheep (Lair:3)
  10 blink frogs
  A slime creature (D:12)
  A hornet (shapeshifter) (D:14)
  A jumping spider (Gauntlet)
  A spriggan (Lair:5)
  A vampire (D:10)
  A wraith (D:11)
  A fire bat (Volcano)
  2 wyverns
  15 yaks
  5 basilisks
  A neqoxec (Gauntlet)
  2 steam dragons
  3 small abominations
  2 hogs (Lair:5)
  Menkaure (D:7)
  11 vampire mosquitoes
  A warg (Orc:2)
  2 swamp worms (Gauntlet)
  15 nagas
  A hell hound (Volcano)
  10 water moccasins
  An ice beast (D:4)
  19 orc warriors
  A sky beast (D:8)
  2 black bears
  13 wolves
  8 ogres
  8 centaurs
  4 phantoms
  4 kobold brigands
  9 bullfrogs
  2 scorpions
  A necrophage (D:6)
  4 wights
  16 killer bees
  2 electric eels
  3 howler monkeys
  3 hounds
  4 jellies (Lair:4)
  A quasit (D:8)
  22 orc priests
  2 basilisk zombies (Lair:3)
  2 iguanas
  Natasha (thrice) (D:3)
  Terence (D:3)
  10 orc wizards
  4 adders
  2 shadow imps
  4 white imps
  5 ufetubi
  2 worms
  2 dart slugs
  58 orcs
  8 endoplasms
  6 giant cockroaches
  5 goblins
  4 hobgoblins
  4 jackals (D:2)
  21 kobolds
  7 quokkas
  7 ball pythons
  5 bats
  3 frilled lizards
  6 rats
534 creatures vanquished.

Vanquished Creatures (collateral kills)
  Frances (D:14)
  Kirke (Lair:5)
  Nessos (Lair:4)
  A minotaur (Gauntlet)
  2 fire dragons (D:15)
  6 hydras
  5 boulder beetles
  A salamander tyrant (Snake:4)
  2 catoblepae
  5 anacondas
  An ogre mage (D:15)
  2 centaur warriors
  6 naga warriors
  4 two-headed ogres
  3 death yaks
  2 dancing weapons (D:13)
  2 shock serpents
  A thrashing horror (Lair:5)
  5 naga sharpshooters
  3 orc high priests (Orc:2)
  6 skeletal warriors
  2 naga ritualists
  7 mana vipers
  3 orc knights (Orc:2)
  2 oklob plants
  2 deep elf pyromancers
  6 ugly things
  A manticore (D:14)
  2 cyclopes
  5 salamanders
  5 naga magi
  A guardian serpent (Snake:1)
  An elephant (Lair:5)
  3 smoke demons (Lair:5)
  23 black mambas
  A gargoyle (D:11)
  A torpor snail (Lair:2)
  3 cane toads
  10 komodo dragons
  A polar bear (Lair:1)
  A meliai (D:13)
  4 trolls
  14 blink frogs
  A wind drake (shapeshifter) (Lair:5)
  3 slime creatures (D:12)
  25 yaks
  2 ynoxinuls (Lair:5)
  A hog (Lair:5)
  3 wyverns
  A vampire mosquito (D:15)
  2 basilisks (Lair:5)
  2 large abominations (Lair:5)
  21 nagas
  14 water moccasins
  A floating eye (shapeshifter) (D:13)
  14 orc warriors
  An elephant zombie (Lair:3)
  8 small abominations (Lair:5)
  4 ogres (Orc:2)
  8 wolves
  8 centaurs
  2 necrophages
  Blork the orc (D:5)
  4 bullfrogs
  A scorpion (D:5)
  14 killer bees
  2 howler monkeys (D:10)
  5 electric eels
  8 jellies (Lair:4)
  8 orc priests
  3 orc wizards (Orc:2)
  24 orcs
  An endoplasm (Lair:4)
  A hobgoblin (D:3)
  6 kobolds
  A frilled lizard (D:2)
  A bush (Lair:2)
359 creatures vanquished.

Vanquished Creatures (others)
  A hydra (D:10)
  An anaconda (Snake:1)
  2 two-headed ogres
  A naga warrior (Snake:3)
  A death yak (Lair:5)
  2 naga sharpshooters (Snake:2)
  2 shock serpents
  A salamander mystic (Snake:2)
  3 anaconda zombies
  A steelbarb worm (Gauntlet)
  3 lindwurms (Volcano)
  An ugly thing zombie (D:14)
  A goliath frog zombie (Gauntlet)
  An orc knight (D:13)
  A hell hog zombie (Volcano)
  An orc sorcerer (Orc:2)
  A human zombie (Lair:5)
  2 cyclopes
  A guardian serpent (Snake:2)
  4 shock serpent zombies
  4 salamanders
  2 naga magi
  3 black mambas
  A torpor snail (Gauntlet)
  A cane toad (Lair:2)
  A catoblepas zombie (Lair:5)
  A komodo dragon (Lair:2)
  3 mana viper zombies (Snake:2)
  2 hydra zombies
  A troll (Orc:2)
  A meliai (Lair:4)
  A blink frog (Lair:2)
  A guardian serpent zombie (Snake:2)
  A jumping spider zombie (Gauntlet)
  2 meliai zombies (D:13)
  A fire dragon zombie (D:15)
  A boulder beetle zombie (Lair:5)
  12 black mamba zombies
  2 wyverns
  A human (Lair:5)
  A yak (Lair:2)
  A slime creature zombie (D:12)
  2 wargs (Orc:2)
  6 two-headed ogre zombies
  A fire bat zombie (Volcano)
  5 nagas
  4 cane toad zombies
  A hornet zombie (D:14)
  6 orc warriors
  2 ogres (Orc:2)
  3 lindwurm zombies (Volcano)
  A boggart (D:14)
  4 blink frog zombies
  3 hog zombies (Lair:5)
  A komodo dragon zombie (Lair:4)
  11 salamander zombies
  A bullfrog (Lair:5)
  A scorpion (D:12)
  5 water moccasin zombies
  2 wyvern zombies (Lair:5)
  A hell hound zombie (Volcano)
  3 warg zombies (Orc:2)
  A polar bear zombie (Lair:4)
  8 killer bees
  2 troll zombies (Orc:2)
  10 wolf zombies
  11 centaur zombies
  4 bullfrog zombies
  4 orc wizards
  A scorpion zombie (D:12)
  A boggart zombie (D:14)
  4 killer bee zombies
  7 ogre zombies
  26 naga zombies
  An iguana zombie (D:5)
  7 jelly zombies (Lair:4)
  An orc (Orc:1)
  3 ball pythons
  3 endoplasms
  4 ball python zombies
  4 endoplasm zombies
  A giant cockroach zombie (D:14)
  13 kobold zombies
  56 orc zombies
  A quokka zombie (D:9)
  4 bushes (Lair:2)
  3 demonic plants (D:8)
  31 fungi
  116 plants
  5 toadstools (D:1)
470 creatures vanquished.

Grand Total: 1363 creatures vanquished

Notes
Turn   | Place    | Note
-------+----------+-------------------------------------------
     0 | D:1      | FexLirch the Mummy Necromancer began the quest for the Orb.
     0 | D:1      | Reached XP level 1. HP: 13/13 MP: 4/4
   325 | D:1      | Reached XP level 2. HP: 20/20 MP: 3/6
   470 | D:1      | Reached skill level 1 in Fighting
   813 | D:1      | Found a faded altar of an unknown god.
  1224 | D:2      | Gained mutation: You are in touch with the powers of death.
                  | [Mummy growth]
  1224 | D:2      | Reached XP level 3. HP: 25/26 MP: 4/7
  1704 | D:2      | Learned a level 3 spell: Vampiric Draining
  2032 | D:3      | Noticed Terence
  2305 | D:3      | Killed Terence
  2306 | D:3      | Reached XP level 4. HP: 33/33 MP: 5/9
  2372 | D:3      | Noticed a necrophage
  2490 | D:3      | Learned a level 4 spell: Animate Dead
  2518 | D:3      | Noticed Natasha
  2524 | D:3      | Killed Natasha
  2586 | D:3      | Reached XP level 5. HP: 22/39 MP: 6/11
  2587 | D:3      | Found the +7 staff of the Meek {protect, meekguard}
  2726 | D:3      | Noticed Natasha
  2733 | D:3      | Killed Natasha
  2734 | D:3      | Reached skill level 5 in Necromancy
  2865 | D:3      | Reached skill level 1 in Staves
  2958 | D:3      | Noticed Natasha
  2963 | D:3      | Killed Natasha
  2964 | D:3      | Reached XP level 6. HP: 43/47 MP: 9/13
  3264 | D:4      | Reached skill level 5 in Spellcasting
  3470 | D:4      | Identified the +0 robe "Beoqukh" {Str+3 Dex+7}
  3503 | D:4      | Learned a level 5 spell: Agony
  3681 | D:4      | Found an ornate altar of the Wu Jian Council.
  3828 | D:4      | Noticed an ice beast
  3836 | D:4      | Killed an ice beast
  3982 | D:5      | Entered Level 5 of the Dungeon
  4002 | D:5      | Reached XP level 7. HP: 48/53 MP: 8/15
  4137 | D:5      | Found a burning altar of Makhleb.
  4206 | D:5      | Noticed Blork the orc
  4217 | D:5      | Killed Blork the orc
  4218 | D:5      | Reached XP level 8. HP: 55/61 MP: 12/17
  4774 | D:6      | Reached skill level 5 in Fighting
  4947 | D:7      | Found a staircase to the Ecumenical Temple.
  4952 | D:7      | Noticed Menkaure
  4960 | Temple   | Entered the Ecumenical Temple
  5039 | Temple   | Became a worshipper of Kikubaaqudgha
  5116 | D:7      | Killed Menkaure
  5468 | D:7      | Found Yrchiuvug's Antique Armour Emporium.
  5475 | D:7      | Bought a crude chain mail for 304 gold pieces
  5475 | D:7      | Identified the +3 chain mail of the Monkey {MP+9 Dex+6}
                  | (You bought it in a shop on level 7 of the Dungeon)
  5647 | D:6      | Found an opulent altar of Gozag.
  5718 | D:6      | Reached XP level 9. HP: 68/68 MP: 19/19
  6117 | D:7      | Reached skill level 1 in Armour
  6849 | D:8      | Found a shadowy altar of Dithmenos.
  6886 | D:8      | Reached * piety under Kikubaaqudgha
  6886 | D:8      | Received a gift from Kikubaaqudgha
  7087 | D:9      | Noticed a two-headed ogre
  7098 | D:9      | Killed a two-headed ogre
  7455 | D:8      | Reached skill level 5 in Staves
  7455 | D:8      | Reached XP level 10. HP: 77/77 MP: 22/22
  7954 | D:9      | Reached ** piety under Kikubaaqudgha
  8041 | D:9      | Learned a level 4 spell: Anguish
  8059 | D:10     | Entered Level 10 of the Dungeon
  8496 | D:10     | Noticed a deep elf pyromancer
  8497 | D:10     | Noticed a cyclops
  8506 | D:10     | Killed a deep elf pyromancer
  8509 | D:10     | Killed a cyclops
  8520 | D:10     | Noticed a centaur warrior
  8525 | D:10     | Killed a centaur warrior
  8526 | D:10     | Reached XP level 11. HP: 75/86 MP: 15/24
  8663 | D:10     | Found Cuigh's Weapon Shop.
  8683 | D:10     | Found Lyomedoi's General Store.
  8859 | D:10     | Found Utosol's Assorted Antiques.
  8890 | D:10     | Reached skill level 5 in Armour
  9198 | D:11     | Identified the +0 scale mail of Verdant Liberty {*Corrode
                  | rF+ Regen+}
  9210 | D:11     | You fall into a shaft and drop 1 floor!
  9321 | D:12     | Found Emuih's Distillery.
  9426 | D:12     | Found a gate leading to a gauntlet.
  9426 | D:12     | Noticed Psyche
  9445 | D:12     | Killed Psyche
  9470 | Gauntlet | Entered a Gauntlet
  9470 | Gauntlet | Found a transporter.
  9470 | Gauntlet | Found a transporter.
  9527 | Gauntlet | Found a transporter.
  9542 | Gauntlet | Found a transporter.
  9558 | Gauntlet | Found a transporter.
  9571 | Gauntlet | Found a transporter.
  9577 | Gauntlet | Noticed a wretched star
  9661 | Gauntlet | Found a transporter.
  9674 | Gauntlet | Found a transporter.
  9676 | Gauntlet | Found a large runed translucent door.
  9676 | Gauntlet | Found a large runed translucent door.
  9677 | Gauntlet | Found a large runed translucent door.
  9677 | Gauntlet | Found a large runed translucent door.
  9678 | Gauntlet | Found a large runed translucent door.
  9678 | Gauntlet | Found a runed translucent door.
  9678 | Gauntlet | Found a large runed translucent door.
  9678 | Gauntlet | Found a runed translucent door.
  9678 | Gauntlet | Found a large runed translucent door.
  9678 | Gauntlet | Found a large runed translucent door.
  9679 | Gauntlet | Found a large runed translucent door.
  9679 | Gauntlet | Found a large runed translucent door.
  9682 | Gauntlet | Found a large runed translucent door.
  9682 | Gauntlet | Found a large runed translucent door.
  9684 | Gauntlet | Found a large runed translucent door.
  9684 | Gauntlet | Found a large runed translucent door.
  9684 | Gauntlet | Found a large runed translucent door.
  9686 | Gauntlet | Found a runed translucent gate.
  9686 | Gauntlet | Found a runed translucent gate.
  9686 | Gauntlet | Found a runed translucent gate.
  9688 | Gauntlet | Found a transporter.
  9699 | Gauntlet | Found a large runed translucent door.
  9701 | Gauntlet | Found a transporter.
  9705 | Gauntlet | Noticed a blizzard demon
  9791 | Gauntlet | Found a transporter.
  9792 | Gauntlet | Found a transporter.
  9801 | Gauntlet | Found a transporter.
  9805 | Gauntlet | Found a transporter.
  9808 | Gauntlet | Found a transporter.
  9809 | Gauntlet | Noticed a soul eater
  9811 | Gauntlet | Found a transporter.
  9944 | Gauntlet | Reached skill level 5 in Dodging
 10191 | Gauntlet | Killed a wretched star
 10192 | Gauntlet | Reached skill level 10 in Necromancy
 10213 | Gauntlet | Identified the ring "Reorutz" {SInv Stlth+}
 10338 | Gauntlet | Identified the +7 broad axe "Exiyfeka" {freeze, rN+ Str+3
                  | Int+5}
 10338 | Gauntlet | Noticed a minotaur
 10351 | Gauntlet | Killed a minotaur
 10714 | D:12     | Reached skill level 1 in Axes
 10727 | D:12     | Found a staircase to the Orcish Mines.
 10901 | D:12     | Noticed a boulder beetle
 10913 | D:12     | Killed a boulder beetle
 10914 | D:12     | Reached XP level 12. HP: 67/96 MP: 13/25
 11033 | D:12     | Noticed a boulder beetle
 11059 | D:12     | Killed a boulder beetle
 11094 | D:12     | Reached *** piety under Kikubaaqudgha
 11094 | D:12     | Received a gift from Kikubaaqudgha
 11121 | D:12     | Learned a level 4 spell: Dispel Undead
 11511 | D:12     | Noticed a two-headed ogre
 11521 | D:12     | Killed a two-headed ogre
 11616 | D:13     | Noticed a six-headed hydra
 11689 | D:13     | Found a runed translucent gate.
 11698 | D:13     | Noticed an azure jelly
 11699 | D:13     | Noticed an azure jelly
 11699 | D:13     | Noticed a centaur warrior
 11833 | D:7      | Bought a runed helmet for 240 gold pieces
 12159 | D:11     | Found a staircase to the Lair.
 12173 | D:11     | Reached skill level 10 in Fighting
 12173 | D:11     | Reached skill level 1 in Hexes
 12182 | D:11     | Learned a level 6 spell: Death Channel
 12278 | D:11     | Noticed Fannar
 12318 | D:11     | Killed Fannar
 12366 | D:11     | Noticed Erolcha
 12367 | D:11     | Found an ancient bone altar of Kikubaaqudgha.
 12376 | D:11     | Killed Erolcha
 12544 | Lair:1   | Entered Level 1 of the Lair of Beasts
 12554 | Lair:1   | Noticed a boulder beetle
 12579 | Lair:1   | Reached skill level 1 in Earth Magic
 12580 | Lair:1   | Killed a boulder beetle
 12910 | Lair:1   | Noticed Erica
 12924 | Lair:1   | Killed Erica
 12944 | Lair:1   | Noticed a boulder beetle
 12962 | Lair:1   | Killed a boulder beetle
 13113 | Lair:1   | Noticed a seven-headed hydra
 13120 | Lair:1   | Killed a seven-headed hydra
 13141 | Lair:2   | Noticed a six-headed hydra
 13149 | Lair:2   | Killed a six-headed hydra
 13150 | Lair:2   | Gained mutation: You are strongly in touch with the powers
                  | of death. [Mummy growth]
 13150 | Lair:2   | Reached XP level 13. HP: 98/104 MP: 11/26
 13202 | Lair:2   | Reached **** piety under Kikubaaqudgha
 13430 | Lair:2   | Found a staircase to the Snake Pit.
 13561 | Lair:2   | Reached skill level 10 in Spellcasting
 14524 | Lair:3   | Found a staircase to the Shoals.
 14542 | Lair:3   | Reached skill level 5 in Axes
 14832 | Lair:3   | Reached ***** piety under Kikubaaqudgha
 15121 | Lair:3   | Learned a level 5 spell: Borgnjor's Vile Clutch
 15217 | Lair:4   | Found a staircase to the Slime Pits.
 15218 | Lair:4   | Noticed Nessos
 15233 | Lair:4   | Killed Nessos
 15242 | Lair:4   | Your ally Nessos died
 15255 | Lair:4   | Reached skill level 10 in Dodging
 15271 | Lair:4   | Found a viscous altar of Jiyva.
 15427 | Lair:4   | Noticed Urug
 15439 | Lair:4   | Killed Urug
 15579 | Lair:4   | Reached XP level 14. HP: 92/113 MP: 2/28
 15965 | Lair:5   | Entered Level 5 of the Lair of Beasts
 15965 | Lair:5   | Noticed Kirke
 15977 | Lair:5   | Killed Kirke
 16107 | Lair:5   | Reached skill level 5 in Earth Magic
 16150 | Lair:5   | Your ally Kirke died
 16296 | Lair:5   | Identified the +1 scale mail of Xaitet {rF++ Will-}
 16415 | Lair:5   | Reached ****** piety under Kikubaaqudgha
 16596 | Lair:5   | Learned a level 2 spell: Blink
 16746 | Lair:5   | Reached skill level 1 in Translocations
 16769 | Lair:5   | Found a corrupted altar of Lugonu.
 16769 | Lair:5   | Found a one-way gate to the infinite horrors of the Abyss.
 17230 | Orc:1    | Entered Level 1 of the Orcish Mines
 17454 | Orc:1    | Found a dark tunnel.
 17555 | Volcano  | Entered a volcano
 17814 | Orc:2    | Entered Level 2 of the Orcish Mines
 17945 | Orc:2    | Found a flickering gateway to a bazaar.
 17995 | Orc:2    | Found a staircase to the Elven Halls.
 18071 | Orc:2    | Reached XP level 15. HP: 93/122 MP: 5/31
 18082 | Bazaar   | Entered a bazaar
 18085 | Bazaar   | Found Eshraim's Armour Shop.
 18100 | Bazaar   | Found Tyegg's Assorted Antiques.
 18100 | Bazaar   | Found Joteciw's Magic Scroll Shop.
 18119 | Bazaar   | Found Teugg's Armour Shop.
 18161 | Bazaar   | Bought a +0 buckler for 45 gold pieces
 18173 | Bazaar   | Bought a scroll of enchant weapon for 90 gold pieces
 18173 | Bazaar   | Bought a scroll of enchant weapon for 90 gold pieces
 18173 | Bazaar   | Bought a scroll of noise for 12 gold pieces
 18173 | Bazaar   | Bought 3 scrolls of magic mapping for 270 gold pieces
 18173 | Bazaar   | Bought a scroll of teleportation for 36 gold pieces
 18173 | Bazaar   | Bought a scroll of blinking for 90 gold pieces
 18173 | Bazaar   | Bought a scroll of fear for 48 gold pieces
 18173 | Bazaar   | Bought a scroll of enchant armour for 90 gold pieces
 18173 | Bazaar   | Bought a scroll of identify for 24 gold pieces
 18180 | Bazaar   | Bought a scroll of teleportation for 99 gold pieces
 18446 | Orc:2    | Found a large runed translucent door.
 18447 | Orc:2    | Found a large runed translucent door.
 18448 | Orc:2    | Noticed Xeneth's ghost (journeyman MiFi)
 18504 | Orc:2    | Killed Xeneth's ghost
 18750 | Orc:2    | Found Awky's Magic Scroll Shoppe.
 18750 | Orc:2    | Found Enkoj's Jewellery Shoppe.
 18751 | Orc:2    | Found Judeb's Armour Emporium.
 18751 | Orc:2    | Found Soatuma's Distillery.
 18773 | Orc:2    | Learned a level 5 spell: Manifold Assault
 18777 | Orc:2    | Bought a ring of magical power for 280 gold pieces
 19059 | Shoals:1 | Entered Level 1 of the Shoals
 19212 | D:13     | Noticed an azure jelly
 19214 | D:13     | Found a runed translucent gate.
 19214 | D:13     | Noticed an acid blob
 19214 | D:13     | Noticed an acid blob
 19215 | D:13     | Found a runed translucent gate.
 19215 | D:13     | Noticed an acid blob
 19215 | D:13     | Noticed an azure jelly
 19215 | D:13     | Noticed an azure jelly
 19215 | D:13     | Noticed Rudyous's ghost (journeyman MiFi)
 19215 | D:13     | Noticed an azure jelly
 19216 | D:13     | Noticed an azure jelly
 19216 | D:13     | Noticed an acid blob
 19235 | D:13     | Found a broken altar of Ashenzari.
 19323 | D:13     | Found a gate to the Vaults.
 19567 | D:13     | Found a viscous altar of Jiyva.
 20122 | D:14     | Noticed Frances
 20136 | D:14     | Killed Frances
 21017 | D:14     | Found a hazy altar of Hepliaklqana.
 21054 | D:15     | Entered Level 15 of the Dungeon
 21084 | D:15     | Identified a scroll of acquirement
 21085 | D:15     | Acquired a +2 pair of boots of flying
 21371 | D:15     | Reached skill level 1 in Shields
 21388 | D:15     | Found a staircase to the Depths.
 21723 | D:15     | Reached XP level 16. HP: 131/131 MP: 33/33
 22404 | Snake:1  | Entered Level 1 of the Snake Pit
 22545 | Snake:1  | Reached skill level 5 in Translocations
 23555 | Snake:2  | Found Muan's Magic Scroll Shop.
 23567 | Snake:2  | Bought a scroll of blinking for 112 gold pieces
 25214 | Snake:3  | Reached XP level 17. HP: 126/139 MP: 33/35
 25302 | Snake:3  | Learned a level 4 spell: Passage of Golubria
 25303 | Snake:4  | Entered Level 4 of the Snake Pit
 25422 | Snake:4  | Found Kikhlilos's Armour Emporium.
 25563 | Snake:4  | Found a radiant altar of Vehumet.
 25775 | Snake:4  | Killed from afar by a shock serpent

Illustrated notes

Levels and vault maps discovered:
D:1:      ldierk_walled_garden, layout_basic, ebering_ecumenical_altar_mist
D:2:      layout_basic, basic_altar, kennysheep_potato, uniq_crazy_yiuf_cottage
D:3:      layout_loops_ring, pf_guarded_unrand_meek, uniq_natasha, uniq_terence
D:4:      layout_loops_ring, minitemple
D:5:      layout_rooms, mainiacjoe_overflow_catwalk, uniq_blork_the_orc
D:6:      layout_gridville, old_standard_altar, minmay_misc_feat_tiny
D:7:      layout_loops_cross, minmay_temple_entry_glass, serial_shops,
          nicolae_shop_waterfront, abandoned_shop, kennysheep_pointless_box,
          uniq_menkaure
D:8:      layout_rooms, lemuel_doored_altar, serial_demonic, serial_demonic_e,
          serial_demonic_b, serial_demonic_d, serial_demonic_d,
          serial_demonic_c, serial_demonic_c
D:9:      layout_big_octagon
D:10:     minmay_shrinking_squares, layout_grid_maze, serial_shops, shop, shop,
          nicolae_shop_statue_plus
D:11:     layout_roguey, dpeg_oklobed_lair, nicolae_kikubaaqudgha_miasma_corner,
          uniq_fannar, uniq_erolcha
D:12:     layout_roguey, minmay_orc_entry_temple_small, special_room
          [special_room_orc], serial_shops, nicolae_shop_hallway_stairs,
          gauntlet_entry_generic, uniq_psyche
D:13:     layout_rooms, erik_vaults_1, gammafunk_ghost_ooze,
          cheibrodos_ashenzari_chains
D:14:     layout_gridville, tso_metal_star, nzn_hepliaklqana_mist_gate,
          uniq_frances
D:15:     grunt_enter_depths_hoard, layout_basic,
          nrook_guardian_serpent_ordinary
Temple:   minmay_temple_bridge_d
Lair:1:   layout_regular_city, nzn_sisyphean_effort, grunt_megastairs_4,
          uniq_erica
Lair:2:   layout_hall_layers, minmay_snake_entry_six_corridors, serial_bayou,
          serial_bayou_pond_e, serial_bayou_lake_a, serial_bayou_pond_a,
          serial_bayou_pond_e, serial_bayou_pond_c, minmay_lair_oklob_bushes,
          st_stairs_5, grunt_forest_small_clearings, beast_lair_carwin_3
Lair:3:   pond_and_an_island_with_a_cottage, layout_misc_corridors,
          minmay_shoals_entry_centaurs, infiniplex_staircase_pool,
          lemuel_fruit_tree
Lair:4:   layout_roguey [special_room_bee], minmay_slime_entry_jelly_boxes,
          uniq_urug, uniq_nessos
Lair:5:   hellmonk_lair_end_abyssal_woods, layout_hall_layers,
          serial_bayou_shore_a, infiniplex_staircase_pool_2, uniq_kirke
Shoals:1: layout_shoals, serial_shops, nicolae_shop_hallway_stairs
Snake:1:  layout_onion_interference
Snake:2:  layout_rooms, grunt_ministairs_12, nicolae_snake_slithery_hallway,
          minmay_shop_star
Snake:3:  layout_cave_shapes, guppyfry_library_mini
Snake:4:  johnstein_snake_rune_scales, layout_cave_town, serial_shops,
          nicolae_shop_stone, basic_altar, hangedman_corner_corridor
Orc:1:    layout_caves, nicolae_volcano_entry_hallway, mines3_lemuel
Orc:2:    st_orc_pillars, layout_caves, ebering_ghost_disaster_area,
          serial_shops, bzr_entry_dummy, nicolae_orc_sculptors_studio,
          mines5_lemuel

Skill      XL: |  1  2  3  4  5  6  7  8  9 10 11 12 13 14 15 16 |
---------------+-------------------------------------------------+-----
Spellcasting   | 3 4 5 6 7 8 9 10 12 13 14 | 14.7
Fighting       | 1 2 3 4 5 6 8 9 10 11 12 13 14 | 14.1
Necromancy     | 5 6 7 9 10 11 12 13 14 | 14.7
Staves         | 1 2 3 5 6 7 |  7.3
Dodging        | 2 3 6 8 10 11 12 | 12.4
Armour         | 2 4 5 6 |  6.7
Axes           | 1 4 5 6 7 |  7.8
Hexes          | 3 |  3.0
Earth Magic    | 2 4 5 |  5.5
Translocations | 2 4 6 |  6.4
Shields        | 1 4 |  4.3
Stealth        | |  1.5

Action                   |  1- 3 |  4- 6 |  7- 9 | 10-12 | 13-15 | 16-18 || total
-------------------------+-------+-------+-------+-------+-------+-------++-------
Melee: Unarmed           |    10 |       |       |       |       |       ||    10
       Whip              |    18 |     7 |       |       |       |       ||    25
       Punch             |     2 |       |       |       |       |       ||     2
       Quarterstaff      |       |    30 |   214 |   431 |   615 |       ||  1290
       Broad axe         |       |       |       |       |    44 |   168 ||   212
Throw: Throwing net      |     2 |     1 |       |       |       |       ||     3
 Cast: Necrotise         |    75 |    51 |    51 |    32 |    13 |       ||   222
       Animate Dead      |       |     3 |     7 |    14 |    17 |     8 ||    49
       Vampiric Draining |       |       |    17 |    60 |    34 |     3 ||   114
       Death Channel     |       |       |       |     5 |    34 |     8 ||    47
       Anguish           |       |       |       |     4 |     3 |    12 ||    19
       Borgnjor's Vile C |       |       |       |       |    75 |    33 ||   108
       Dispel Undead     |       |       |       |       |     2 |       ||     2
       Agony             |       |       |       |       |     2 |       ||     2
       Blink             |       |       |       |       |     1 |     7 ||     8
       Manifold Assault  |       |       |       |       |       |     7 ||     7
Invok: Unearth Wretches  |       |       |       |     7 |    12 |     3 ||    22
       Torment           |       |       |       |       |     1 |       ||     1
Evoke: Wand              |       |       |     2 |     3 |     8 |     1 ||    14
  Use: Scroll            |       |       |       |     8 |    16 |     1 ||    25
 Stab: Sleeping          |       |     1 |       |       |       |       ||     1
       Distracted        |       |       |     1 |     5 |    11 |     4 ||    21
       Paralysed         |       |       |       |    11 |     5 |     7 ||    23
Armor: Robe              |     7 |    10 |    50 |       |       |       ||    67
       Chain mail        |       |       |    88 |   176 |       |       ||   264
       Scale mail        |       |       |       |    47 |   286 |    70 ||   403
Dodge: Dodged            |    32 |    21 |   194 |   382 |   651 |   193 ||  1473
Block: Buckler           |       |       |       |       |    16 |    89 ||   105
